Edmonton Oil Kings vs Philadelphia Phantoms
Created - Saturday, March 25, 2023 at 08:48
Goals
|
| Edmonton Oil Kings |
0 |
3 |
0 |
3 |
| Philadelphia Phantoms |
2 |
4 |
0 |
6 |
|
Shots
|
| Edmonton Oil Kings |
13 |
25 |
8 |
46 |
| Philadelphia Phantoms |
11 |
19 |
8 |
38 |
|
1st period
1. Philadelphia Phantoms , Blake Lizotte 10 (Nathan Bastian 11, Casey Fitzgerald 5) at 0:12
2. Philadelphia Phantoms , Nathan Bastian 7 (Brad Hunt 2, Nick Cousins 6) at 8:01
Penalties :
Ben McCartney (PHI) for Tripping (Minor) at 10:27
2nd period
3. Philadelphia Phantoms , Otto Koivula 1 (Casey Fitzgerald 6, Erik Gustafsson 5) at 0:55
4. Philadelphia Phantoms , Tyson Foerster 2 (Brad Hunt 3, Ben McCartney 2) at 7:03
5. Edmonton Oil Kings , Filip Zadina 2 (Dawson Mercer 13, Gabriel Carlsson 4) at 7:19
6. Philadelphia Phantoms , Blake Lizotte 11 (Nathan Bastian 12, Connor Ingram) at 8:10 (PP)
7. Edmonton Oil Kings , Dillon Dube 6 (Noah Gregor 8, Dylan Holloway 2) at 10:45
8. Edmonton Oil Kings , Josh Mahura 2 (Julien Gauthier 2, Connor McMichael 5) at 14:34
9. Philadelphia Phantoms , Blake Lizotte 12 (Nick Cousins 7) at 14:48
Penalties :
Tyson Foerster (PHI) for Tripping (Minor) at 4:45, Filip Zadina (EOK) for Roughing (Minor) at 7:54
3rd period
No Goal
Penalties :
Blake Lizotte (PHI) for Hooking (Minor) at 0:05, Jaret Anderson-Dolan (PHI) for Fighting (Major) at 8:00, Dylan Holloway (EOK) for Fighting (Major) at 8:00, Casey Fitzgerald (PHI) for Hooking (Minor) at 9:52, Adam Ruzicka (PHI) for Holding (Minor) at 16:46
Goalie Stats
Karel Vejmelka (EOK), 17 saves from 19 shots - (0.895), 32:57 minutes
Adam Huska (EOK), 15 saves from 19 shots - (0.789), L, 3-2-0, 27:03 minutes
Connor Ingram (PHI), 43 saves from 46 shots - (0.935), W, 5-3-0, 60:00 minutes
Players Stats for Edmonton Oil Kings
Player Name G A P +/- PIM S H SB GA TA FO MP PP MP PK MP
------------------------------------------------------------------------------------
Brett Kulak 0 0 0 -1 0 0 1 1 0 0 0/0 24:17 4:02 0:00
Connor McMichael 0 1 1 0 0 3 2 0 0 0 0/0 9:29 0:29 0:00
Dawson Mercer 0 1 1 -1 0 7 2 0 3 0 3/4 22:56 5:34 0:00
Dillon Dube 1 0 1 -1 0 2 2 0 1 0 1/4 18:14 5:04 0:00
Dylan Holloway 0 1 1 -1 5 0 0 1 0 0 4/14 12:06 0:00 0:00
Dysin Mayo 0 0 0 -2 0 3 4 4 0 0 0/0 25:37 5:53 0:16
Filip Zadina 1 0 1 -1 2 6 1 0 1 0 1/2 21:16 4:20 0:00
Gabriel Carlsson 0 1 1 -1 0 1 1 1 0 2 0/0 24:19 4:02 0:00
Jack Johnson 0 0 0 -2 0 1 1 1 0 1 0/0 19:16 0:00 0:16
Joey Anderson 0 0 0 0 0 5 0 1 0 0 0/0 14:40 4:20 0:00
Josh Mahura 1 0 1 1 0 1 2 0 0 0 0/0 16:27 5:53 0:00
Julien Gauthier 0 1 1 1 0 4 1 0 0 0 0/1 8:36 0:00 0:00
Libor Hajek 0 0 0 1 0 1 0 0 0 1 0/0 10:04 0:00 0:00
Morgan Barron 0 0 0 -1 0 1 1 0 0 0 0/0 11:10 0:01 0:00
Nikita Alexandrov 0 0 0 0 0 1 3 0 0 0 3/6 10:13 0:31 0:00
Noah Gregor 0 1 1 -1 0 3 1 1 2 0 0/4 18:39 5:06 0:16
Ryan McLeod 0 0 0 -1 0 4 4 0 0 2 12/28 21:33 4:20 0:16
Tyler Angle 0 0 0 0 0 3 0 0 0 1 0/4 10:50 0:00 0:00
Players Stats for Philadelphia Phantoms
Player Name G A P +/- PIM S H SB GA TA FO MP PP MP PK MP
------------------------------------------------------------------------------------
Adam Ruzicka 0 0 0 -1 2 1 1 0 0 0 2/2 14:52 0:00 0:00
Alex Steeves 0 0 0 0 0 2 2 0 1 0 0/0 12:43 0:00 0:00
Alexander Holtz 0 0 0 -1 0 2 3 0 0 0 1/2 14:53 0:00 0:00
Ben McCartney 0 1 1 1 2 1 0 0 0 0 0/0 9:59 0:00 1:31
Blake Lizotte 3 0 3 2 2 9 4 1 0 0 17/24 25:24 0:16 3:57
Brad Hunt 0 2 2 2 0 3 0 0 0 1 0/0 15:47 0:00 0:51
Brett Murray 0 0 0 1 0 1 6 2 0 0 0/0 14:51 0:00 1:49
Casey Fitzgerald 0 2 2 1 2 4 2 4 0 2 0/0 22:01 0:16 3:45
Erik Gustafsson 0 1 1 1 0 1 2 0 0 0 0/0 22:34 0:16 4:47
Jacob Larsson 0 0 0 2 0 0 0 0 0 2 0/0 15:24 0:00 0:00
Jaret Anderson-Dolan 0 0 0 -1 5 2 2 0 0 2 10/14 17:10 0:00 3:33
Mason Shaw 0 0 0 0 0 0 1 0 0 0 1/1 2:25 0:00 0:27
Nathan Bastian 1 2 3 2 0 2 2 1 3 0 0/3 18:20 0:16 4:20
Nick Cousins 0 2 2 2 0 2 1 0 2 0 3/6 18:06 0:16 4:06
Noah Juulsen 0 0 0 -1 0 1 0 3 0 0 0/0 22:12 0:00 5:19
Otto Koivula 1 0 1 0 0 5 0 0 0 0 5/10 8:15 0:00 0:07
Tyson Foerster 1 0 1 1 2 1 2 2 0 0 4/5 13:01 0:00 0:00
William Borgen 0 0 0 -1 0 1 0 1 1 0 0/0 22:02 0:00 5:08
3 Stars
1 - Blake Lizotte (PHI)
2 - Nathan Bastian (PHI)
3 - Nick Cousins (PHI)
Power Play
Edmonton Oil Kings - 0 on 5 Attempt(s) - 0.00%
Philadelphia Phantoms - 1 on 1 Attempt(s) - 100.00%
Penalty Kill
Edmonton Oil Kings - 0 on 1 Attempt(s) - 0.00%
- Score 0 goal in Penalty Kill
Philadelphia Phantoms - 5 on 5 Attempt(s) - 100.00%
- Score 0 goal in Penalty Kill
Team Stat
Edmonton Oil Kings - Hits : 26 - Faceoff Wins : 24 - Blocked Shots : 10 - Penalty Minutes : 7
Philadelphia Phantoms - Hits : 28 - Faceoff Wins : 43 - Blocked Shots : 14 - Penalty Minutes : 15
Official
Referees : Mark Lemelin and Graham Skiliter
Linesman : Unknown
Game Notes
Karel Vejmelka enters game at 7:03 of 2nd period
Blake Lizotte has scored a Hat Trick!
Jaret Anderson-Dolan beats up Dylan Holloway at 8:00 of 3rd period
Edmonton Oil Kings
5 vs 5 Forward
Center Left Wing Right Wing Time % Phy DF OF
1 Ryan McLeod Filip Zadina Dawson Mercer 40 0 2 3
2 Dylan Holloway Noah Gregor Dillon Dube 30 0 2 3
3 Tyler Angle Morgan Barron Joey Anderson 20 0 2 3
4 Nikita Alexandrov Connor McMichael Julien Gauthier 10 0 2 3
5 vs 5 Defense
Defense Defense Time % Phy DF OF
1 Dysin Mayo Jack Johnson 40 1 3 1
2 Brett Kulak Gabriel Carlsson 40 1 4 0
3 Libor Hajek Josh Mahura 20 1 3 1
4 Dysin Mayo Jack Johnson 0 1 2 2
PowerPlay Forward
Center Left Wing Right Wing Time % Phy DF OF
1 Dawson Mercer Noah Gregor Dillon Dube 60 0 0 5
2 Ryan McLeod Filip Zadina Joey Anderson 40 0 1 4
PowerPlay Defense
Defense Defense Time % Phy DF OF
1 Dysin Mayo Josh Mahura 60 0 1 4
2 Brett Kulak Gabriel Carlsson 40 0 1 4
Penalty Kill 4 Players Forward
Center Wing Time % Phy DF OF
1 Ryan McLeod Noah Gregor 60 1 4 0
2 Dawson Mercer Dillon Dube 40 1 4 0
Penalty Kill 4 Players Defense
Defense Defense Time % Phy DF OF
1 Dysin Mayo Jack Johnson 60 1 4 0
2 Brett Kulak Libor Hajek 40 1 4 0
Penalty Kill - 3 Players Forward
Forward Time % Phy DF OF
1 Ryan McLeod 60 1 4 0
2 Noah Gregor 40 1 4 0
Penalty Kill - 3 Players Defense
Defense Defense Time % Phy DF OF
1 Dysin Mayo Jack Johnson 60 1 4 0
2 Brett Kulak Libor Hajek 40 1 4 0
4 vs 4 Forward
Center Wing Time % Phy DF OF
1 Ryan McLeod Dillon Dube 60 0 2 3
2 Dawson Mercer Noah Gregor 40 0 2 3
4 vs 4 Defense
Defense Defense Time % Phy DF OF
1 Dysin Mayo Jack Johnson 60 0 3 2
2 Brett Kulak Josh Mahura 40 0 2 3
Last Minutes Offensive
Center Left Wing Right Wing Defense Defense
Ryan McLeod Dillon Dube Dawson Mercer Dysin Mayo Jack Johnson
Last Minutes Defensive
Center Left Wing Right Wing Defense Defense
Ryan McLeod Noah Gregor Dillon Dube Dysin Mayo Jack Johnson
Goaltenders
Starting : Adam Huska
Backup : Karel Vejmelka
Extra Forwards
Normal : Nikita Alexandrov, Connor McMichael, Julien Gauthier - PP : Nikita Alexandrov, Connor McMichael - PK : Julien Gauthier
Extra Defensemen
Normal : Libor Hajek, Josh Mahura, Brett Kulak - PP : Libor Hajek - PK : Josh Mahura, Brett Kulak
Penalty Shots
Dawson Mercer, Dillon Dube, Noah Gregor, Filip Zadina, Ryan McLeod
Philadelphia Phantoms
5 vs 5 Forward
Center Left Wing Right Wing Time % Phy DF OF
1 Blake Lizotte Nick Cousins Nathan Bastian 30 0 2 3
2 Jaret Anderson-Dolan Adam Ruzicka Alexander Holtz 30 0 2 3
3 Tyson Foerster Brett Murray Alex Steeves 20 0 2 3
4 Otto Koivula Ben McCartney Blake Lizotte 20 1 2 2
5 vs 5 Defense
Defense Defense Time % Phy DF OF
1 Erik Gustafsson Casey Fitzgerald 35 1 2 2
2 William Borgen Noah Juulsen 35 1 2 2
3 Jacob Larsson Brad Hunt 30 1 2 2
4 Erik Gustafsson Casey Fitzgerald 0 1 2 2
PowerPlay Forward
Center Left Wing Right Wing Time % Phy DF OF
1 Blake Lizotte Nick Cousins Nathan Bastian 50 0 1 4
2 Jaret Anderson-Dolan Adam Ruzicka Alexander Holtz 50 0 1 4
PowerPlay Defense
Defense Defense Time % Phy DF OF
1 Erik Gustafsson Casey Fitzgerald 50 0 2 3
2 William Borgen Noah Juulsen 50 0 2 3
Penalty Kill 4 Players Forward
Center Wing Time % Phy DF OF
1 Blake Lizotte Nathan Bastian 50 0 3 2
2 Nick Cousins Jaret Anderson-Dolan 50 0 3 2
Penalty Kill 4 Players Defense
Defense Defense Time % Phy DF OF
1 Erik Gustafsson Casey Fitzgerald 50 0 4 1
2 William Borgen Noah Juulsen 50 0 4 1
Penalty Kill - 3 Players Forward
Forward Time % Phy DF OF
1 Blake Lizotte 50 0 4 1
2 Nathan Bastian 50 0 4 1
Penalty Kill - 3 Players Defense
Defense Defense Time % Phy DF OF
1 Erik Gustafsson Casey Fitzgerald 50 0 5 0
2 William Borgen Noah Juulsen 50 0 5 0
4 vs 4 Forward
Center Wing Time % Phy DF OF
1 Blake Lizotte Nathan Bastian 50 0 2 3
2 Nick Cousins Jaret Anderson-Dolan 50 0 2 3
4 vs 4 Defense
Defense Defense Time % Phy DF OF
1 Erik Gustafsson Casey Fitzgerald 50 0 2 3
2 William Borgen Noah Juulsen 50 0 2 3
Last Minutes Offensive
Center Left Wing Right Wing Defense Defense
Blake Lizotte Nick Cousins Nathan Bastian Erik Gustafsson Casey Fitzgerald
Last Minutes Defensive
Center Left Wing Right Wing Defense Defense
Blake Lizotte Nick Cousins Nathan Bastian Erik Gustafsson Casey Fitzgerald
Goaltenders
Starting : Connor Ingram
Backup : Dereck Baribeau
Extra Forwards
Normal : Mason Shaw, Tyson Foerster, Brett Murray - PP : Mason Shaw, Tyson Foerster - PK : Brett Murray
Extra Defensemen
Normal : Jacob Larsson, Brad Hunt, William Borgen - PP : Jacob Larsson - PK : Brad Hunt, William Borgen
Penalty Shots
Blake Lizotte, Nathan Bastian, Nick Cousins, Jaret Anderson-Dolan, Alexander Holtz
% Time on Ice - Edmonton Oil Kings
Lines # - Real PCT - Wanted PCT - Time Play
Normal Forward
1 - 34% - 40% - 17:03
2 - 27% - 30% - 13:30
3 - 22% - 20% - 10:50
4 - 17% - 10% - 8:26
Normal Defense
1 - 42% - 40% - 20:48
2 - 41% - 40% - 20:15
3 - 18% - 20% - 8:46
4 - 0% - 0% - 0:00
PP Forward
1 - 56% - 60% - 5:34
2 - 44% - 40% - 4:21
PP Defense
1 - 59% - 60% - 5:53
2 - 41% - 40% - 4:02
PK Forward
1 - 100% - 60% - 0:16
2 - 0% - 40% - 0:00
PK Defense
1 - 100% - 60% - 0:16
2 - 0% - 40% - 0:00
PK3 Forward
1 - 0% - 60%
2 - 0% - 40%
PK3 Defense
1 - 0% - 60%
2 - 0% - 40%
44 Forward
1 - 0% - 60%
2 - 0% - 40%
44 Defense
1 - 0% - 60%
2 - 0% - 40%
Last Minute Offensive - 0:00
Last Minute Defensive - 0:00
Total
Forward - 60:00
Defense - 60:00
|
% Time on Ice - Philadelphia Phantoms
Lines # - Real PCT - Wanted PCT - Time Play
Normal Forward
1 - 28% - 30% - 13:45
2 - 31% - 30% - 15:13
3 - 26% - 20% - 12:43
4 - 16% - 20% - 8:08
Normal Defense
1 - 36% - 35% - 18:01
2 - 34% - 35% - 16:53
3 - 30% - 30% - 14:55
4 - 0% - 0% - 0:00
PP Forward
1 - 100% - 50% - 0:16
2 - 0% - 50% - 0:00
PP Defense
1 - 100% - 50% - 0:16
2 - 0% - 50% - 0:00
PK Forward
1 - 50% - 50% - 4:58
2 - 50% - 50% - 4:57
PK Defense
1 - 51% - 50% - 5:01
2 - 49% - 50% - 4:54
PK3 Forward
1 - 0% - 50%
2 - 0% - 50%
PK3 Defense
1 - 0% - 50%
2 - 0% - 50%
44 Forward
1 - 0% - 50%
2 - 0% - 50%
44 Defense
1 - 0% - 50%
2 - 0% - 50%
Last Minute Offensive - 0:00
Last Minute Defensive - 0:00
Total
Forward - 60:00
Defense - 60:00
|
Play-by-Play
1st period
0:01 of 1st period - Ryan McLeod wins face-off versus Nathan Bastian in neutral zone.
0:08 of 1st period - Wrist shot by Blake Lizotte.
0:08 of 1st period - Shot Blocked by Dysin Mayo.
0:10 of 1st period - Wrist shot by Nathan Bastian.
0:10 of 1st period - Stopped by Adam Huska with a rebound.
0:12 of 1st period - Snap shot by Blake Lizotte.
0:12 of 1st period - Goal by Blake Lizotte - Edmonton Oil Kings : 0 - Philadelphia Phantoms : 1.
0:13 of 1st period - Jaret Anderson-Dolan wins face-off versus Dillon Dube in neutral zone.
0:38 of 1st period - Brett Kulak is hit by Tyson Foerster.
0:48 of 1st period - Wrist shot by Alex Steeves.
0:48 of 1st period - Shot Misses the Net.
0:50 of 1st period - Slapshot by Noah Juulsen.
0:50 of 1st period - Shot Misses the Net.
1:00 of 1st period - Gabriel Carlsson is hit by Nathan Bastian and loses puck.
1:49 of 1st period - Slapshot by Jaret Anderson-Dolan.
1:49 of 1st period - Shot Blocked by Dylan Holloway.
1:51 of 1st period - Slapshot by Jacob Larsson.
1:51 of 1st period - Shot Misses the Net.
1:53 of 1st period - Wrist shot by Jaret Anderson-Dolan.
1:53 of 1st period - Stopped by Adam Huska with a rebound.
2:05 of 1st period - Snap shot by Connor McMichael.
2:05 of 1st period - Shot Blocked by Tyson Foerster.
2:13 of 1st period - Slapshot by Brett Murray.
2:13 of 1st period - Stopped by Adam Huska with a rebound.
2:32 of 1st period - Blake Lizotte is hit by Josh Mahura and loses puck.
3:29 of 1st period - Snap shot by Joey Anderson.
3:29 of 1st period - Stopped by Connor Ingram with a rebound.
3:46 of 1st period - Morgan Barron is hit by Casey Fitzgerald and loses puck.
4:11 of 1st period - Brett Kulak is hit by Alexander Holtz and loses puck.
4:37 of 1st period - Blake Lizotte is hit by Dysin Mayo and loses puck.
5:42 of 1st period - Snap shot by Joey Anderson.
5:42 of 1st period - Shot Misses the Net.
5:46 of 1st period - Backhand shot by Joey Anderson.
5:46 of 1st period - Stopped by Connor Ingram without a rebound.
5:47 of 1st period - Tyson Foerster wins face-off versus Tyler Angle in Philadelphia Phantoms zone.
5:54 of 1st period - Libor Hajek is hit by Tyson Foerster and loses puck.
6:22 of 1st period - Casey Fitzgerald is hit by Dawson Mercer and loses puck.
6:43 of 1st period - Gabriel Carlsson is hit by Alexander Holtz and loses puck.
7:02 of 1st period - Erik Gustafsson is hit by Nikita Alexandrov and loses puck.
7:18 of 1st period - Icing by Ryan McLeod.
7:19 of 1st period - Tyson Foerster wins face-off versus Filip Zadina in Edmonton Oil Kings zone.
7:30 of 1st period - Brett Murray is hit by Dawson Mercer and loses puck.
7:39 of 1st period - Snap shot by Filip Zadina.
7:39 of 1st period - Stopped by Connor Ingram with a rebound.
7:41 of 1st period - Snap shot by Ryan McLeod.
7:41 of 1st period - Shot Misses the Net.
7:43 of 1st period - Backhand shot by Dysin Mayo.
7:43 of 1st period - Shot Blocked by Noah Juulsen.
7:45 of 1st period - Wrist shot by Ryan McLeod.
7:45 of 1st period - Stopped by Connor Ingram without a rebound.
7:46 of 1st period - Blake Lizotte wins face-off versus Dylan Holloway in Philadelphia Phantoms zone.
7:51 of 1st period - Jack Johnson is hit by Blake Lizotte and loses puck.
8:01 of 1st period - Backhand shot by Nathan Bastian.
8:01 of 1st period - Goal by Nathan Bastian - Edmonton Oil Kings : 0 - Philadelphia Phantoms : 2.
8:02 of 1st period - Ryan McLeod wins face-off versus Blake Lizotte in neutral zone.
8:07 of 1st period - Snap shot by Dawson Mercer.
8:07 of 1st period - Stopped by Connor Ingram without a rebound.
8:08 of 1st period - Blake Lizotte wins face-off versus Ryan McLeod in Philadelphia Phantoms zone.
8:35 of 1st period - Snap shot by Noah Gregor.
8:35 of 1st period - Shot Misses the Net.
8:37 of 1st period - Slapshot by Dillon Dube.
8:37 of 1st period - Shot Misses the Net.
8:39 of 1st period - Snap shot by Dillon Dube.
8:39 of 1st period - Shot Misses the Net.
8:43 of 1st period - Slapshot by Dillon Dube.
8:43 of 1st period - Stopped by Connor Ingram without a rebound.
8:44 of 1st period - Ryan McLeod wins face-off versus Otto Koivula in Philadelphia Phantoms zone.
8:51 of 1st period - Snap shot by Ben McCartney.
8:51 of 1st period - Shot Misses the Net.
8:53 of 1st period - Wrist shot by Ben McCartney.
8:53 of 1st period - Shot Misses the Net.
8:55 of 1st period - Slapshot by Ben McCartney.
8:55 of 1st period - Deflect By Otto Koivula.
8:55 of 1st period - Stopped by Adam Huska with a rebound.
8:57 of 1st period - Snap shot by Otto Koivula.
8:57 of 1st period - Shot Misses the Net.
8:59 of 1st period - Wrist shot by Blake Lizotte.
8:59 of 1st period - Stopped by Adam Huska with a rebound.
9:16 of 1st period - Icing by Dillon Dube.
9:17 of 1st period - Blake Lizotte wins face-off versus Dillon Dube in Edmonton Oil Kings zone.
9:20 of 1st period - Snap shot by Blake Lizotte.
9:20 of 1st period - Shot Blocked by Jack Johnson.
9:22 of 1st period - Slapshot by Nathan Bastian.
9:22 of 1st period - Deflect By Nick Cousins.
9:22 of 1st period - Shot Misses the Net.
9:22 of 1st period - Puck is out of play.
9:23 of 1st period - Blake Lizotte wins face-off versus Ryan McLeod in Edmonton Oil Kings zone.
9:30 of 1st period - Wrist shot by Nathan Bastian.
9:30 of 1st period - Shot Misses the Net.
9:32 of 1st period - Snap shot by Casey Fitzgerald.
9:32 of 1st period - Stopped by Adam Huska with a rebound.
9:34 of 1st period - Slapshot by Nick Cousins.
9:34 of 1st period - Shot Misses the Net.
9:36 of 1st period - Slapshot by Casey Fitzgerald.
9:36 of 1st period - Shot Misses the Net.
10:15 of 1st period - Jack Johnson is hit by Brett Murray.
10:20 of 1st period - Off-side.
10:21 of 1st period - Otto Koivula wins face-off versus Ryan McLeod in neutral zone.
10:27 of 1st period - Minor Penalty to Ben McCartney for Tripping.
10:28 of 1st period - Dawson Mercer wins face-off versus Blake Lizotte in Philadelphia Phantoms zone.
10:38 of 1st period - Wrist shot by Dillon Dube.
10:38 of 1st period - Shot Blocked by Nathan Bastian.
10:40 of 1st period - Slapshot by Dysin Mayo.
10:40 of 1st period - Deflect By Dillon Dube.
10:40 of 1st period - Shot Misses the Net.
10:40 of 1st period - Puck is out of play.
10:41 of 1st period - Nick Cousins wins face-off versus Noah Gregor in Philadelphia Phantoms zone.
11:06 of 1st period - Blake Lizotte is hit by Ryan McLeod.
11:10 of 1st period - Nathan Bastian is hit by Ryan McLeod and loses puck.
12:03 of 1st period - Erik Gustafsson is hit by Dillon Dube and loses puck.
12:27 of 1st period - Penalty to Ben McCartney is over, Ben McCartney is back on ice.
12:40 of 1st period - Jacob Larsson is hit by Julien Gauthier and loses puck.
12:45 of 1st period - Wrist shot by Connor McMichael.
12:45 of 1st period - Stopped by Connor Ingram with a rebound.
12:57 of 1st period - Jacob Larsson is hit by Jack Johnson and loses puck.
13:16 of 1st period - Connor McMichael is hit by Jaret Anderson-Dolan and loses puck.
13:46 of 1st period - Off-side.
13:47 of 1st period - Nikita Alexandrov wins face-off versus Blake Lizotte in neutral zone.
14:08 of 1st period - Erik Gustafsson is hit by Ryan McLeod and loses puck.
14:35 of 1st period - Snap shot by Joey Anderson.
14:35 of 1st period - Stopped by Connor Ingram without a rebound.
14:36 of 1st period - Blake Lizotte wins face-off versus Dylan Holloway in Philadelphia Phantoms zone.
14:43 of 1st period - Dysin Mayo is hit by Blake Lizotte and loses puck.
14:50 of 1st period - Slapshot by Nathan Bastian.
14:50 of 1st period - Shot Misses the Net.
15:00 of 1st period - Dysin Mayo is hit by Brett Murray and loses puck.
15:17 of 1st period - Slapshot by Noah Gregor.
15:17 of 1st period - Stopped by Connor Ingram without a rebound.
15:18 of 1st period - Jaret Anderson-Dolan wins face-off versus Ryan McLeod in Philadelphia Phantoms zone.
15:32 of 1st period - Snap shot by Dawson Mercer.
15:32 of 1st period - Shot Misses the Net.
15:34 of 1st period - Snap shot by Dawson Mercer.
15:34 of 1st period - Stopped by Connor Ingram with a rebound.
15:44 of 1st period - Joey Anderson is hit by Erik Gustafsson and loses puck.
15:51 of 1st period - Backhand shot by Nick Cousins.
15:51 of 1st period - Deflect By Blake Lizotte.
15:51 of 1st period - Stopped by Adam Huska with a rebound.
16:16 of 1st period - Off-side.
16:17 of 1st period - Filip Zadina wins face-off versus Otto Koivula in neutral zone.
16:20 of 1st period - Wrist shot by Dawson Mercer.
16:20 of 1st period - Deflect By Filip Zadina.
16:20 of 1st period - Shot Blocked by Casey Fitzgerald.
16:20 of 1st period - Puck is out of play.
16:21 of 1st period - Otto Koivula wins face-off versus Ryan McLeod in Philadelphia Phantoms zone.
17:08 of 1st period - Snap shot by Brett Murray.
17:08 of 1st period - Shot Blocked by Brett Kulak.
17:28 of 1st period - Wrist shot by Nick Cousins.
17:28 of 1st period - Shot Hit the Post.
17:58 of 1st period - Ryan McLeod is hit by Blake Lizotte and loses puck.
18:15 of 1st period - Snap shot by Dillon Dube.
18:15 of 1st period - Shot Blocked by Tyson Foerster.
18:45 of 1st period - Slapshot by Blake Lizotte.
18:45 of 1st period - Shot Misses the Net.
18:47 of 1st period - Wrist shot by Blake Lizotte.
18:47 of 1st period - Stopped by Adam Huska with a rebound.
18:49 of 1st period - Slapshot by William Borgen.
18:49 of 1st period - Stopped by Adam Huska with a rebound.
19:06 of 1st period - Jack Johnson is hit by Alex Steeves and loses puck.
19:21 of 1st period - Wrist shot by Filip Zadina.
19:21 of 1st period - Deflect By Ryan McLeod.
19:21 of 1st period - Stopped by Connor Ingram with a rebound.
19:23 of 1st period - Slapshot by Dysin Mayo.
19:23 of 1st period - Stopped by Connor Ingram without a rebound.
19:24 of 1st period - Ryan McLeod wins face-off versus Jaret Anderson-Dolan in Philadelphia Phantoms zone.
19:25 of 1st period - Snap shot by Dawson Mercer.
19:25 of 1st period - Stopped by Connor Ingram without a rebound.
19:26 of 1st period - Jaret Anderson-Dolan wins face-off versus Ryan McLeod in Philadelphia Phantoms zone.
19:32 of 1st period - Off-side.
19:33 of 1st period - Ryan McLeod wins face-off versus Jaret Anderson-Dolan in neutral zone.
19:39 of 1st period - Off-side.
19:40 of 1st period - Blake Lizotte wins face-off versus Ryan McLeod in neutral zone.
Goals for this period are 0 for Edmonton Oil Kings vs 2 for Philadelphia Phantoms.
Shots for this period are 13 for Edmonton Oil Kings vs 11 for Philadelphia Phantoms.
2nd period
0:01 of 2nd period - Ryan McLeod wins face-off versus Blake Lizotte in neutral zone.
0:26 of 2nd period - Brett Kulak is hit by Alex Steeves and loses puck.
0:33 of 2nd period - Wrist shot by Tyson Foerster.
0:33 of 2nd period - Deflect By Alex Steeves.
0:33 of 2nd period - Stopped by Adam Huska with a rebound.
0:35 of 2nd period - Slapshot by Noah Juulsen.
0:35 of 2nd period - Stopped by Adam Huska with a rebound.
0:49 of 2nd period - Snap shot by Blake Lizotte.
0:49 of 2nd period - Shot Misses the Net.
0:51 of 2nd period - Backhand shot by Erik Gustafsson.
0:51 of 2nd period - Shot Hit the Post.
0:53 of 2nd period - Slapshot by Casey Fitzgerald.
0:53 of 2nd period - Shot Misses the Net.
0:55 of 2nd period - Snap shot by Otto Koivula.
0:55 of 2nd period - Goal by Otto Koivula - Edmonton Oil Kings : 0 - Philadelphia Phantoms : 3.
0:56 of 2nd period - Dylan Holloway wins face-off versus Nathan Bastian in neutral zone.
1:03 of 2nd period - Snap shot by Blake Lizotte.
1:03 of 2nd period - Stopped by Adam Huska without a rebound.
1:04 of 2nd period - Dillon Dube wins face-off versus Nathan Bastian in Edmonton Oil Kings zone.
1:11 of 2nd period - Snap shot by Noah Gregor.
1:11 of 2nd period - Stopped by Connor Ingram without a rebound.
1:12 of 2nd period - Dylan Holloway wins face-off versus Blake Lizotte in Philadelphia Phantoms zone.
1:37 of 2nd period - Noah Juulsen is hit by Dysin Mayo and loses puck.
2:04 of 2nd period - Slapshot by Morgan Barron.
2:04 of 2nd period - Stopped by Connor Ingram with a rebound.
2:06 of 2nd period - Slapshot by Morgan Barron.
2:06 of 2nd period - Shot Misses the Net.
2:20 of 2nd period - Snap shot by Julien Gauthier.
2:20 of 2nd period - Stopped by Connor Ingram with a rebound.
2:28 of 2nd period - Nathan Bastian is hit by Nikita Alexandrov and loses puck.
2:45 of 2nd period - Slapshot by Alexander Holtz.
2:45 of 2nd period - Shot Blocked by Noah Gregor.
3:20 of 2nd period - Snap shot by Joey Anderson.
3:20 of 2nd period - Deflect By Tyler Angle.
3:20 of 2nd period - Stopped by Connor Ingram without a rebound.
3:21 of 2nd period - Jaret Anderson-Dolan wins face-off versus Tyler Angle in Philadelphia Phantoms zone.
3:23 of 2nd period - Icing by Adam Ruzicka.
3:24 of 2nd period - Jaret Anderson-Dolan wins face-off versus Dylan Holloway in Philadelphia Phantoms zone.
3:45 of 2nd period - Brett Kulak is hit by Adam Ruzicka.
4:20 of 2nd period - Snap shot by Blake Lizotte.
4:20 of 2nd period - Stopped by Adam Huska with a rebound.
4:22 of 2nd period - Snap shot by Blake Lizotte.
4:22 of 2nd period - Shot Blocked by Joey Anderson.
4:34 of 2nd period - Slapshot by Tyson Foerster.
4:34 of 2nd period - Deflect By Alex Steeves.
4:34 of 2nd period - Shot Misses the Net.
4:34 of 2nd period - Puck is out of play.
4:35 of 2nd period - Nikita Alexandrov wins face-off versus Tyson Foerster in Edmonton Oil Kings zone.
4:45 of 2nd period - Minor Penalty to Tyson Foerster for Tripping.
4:46 of 2nd period - Nick Cousins wins face-off versus Dawson Mercer in Philadelphia Phantoms zone.
5:00 of 2nd period - Snap shot by Dawson Mercer.
5:00 of 2nd period - Stopped by Connor Ingram with a rebound.
5:02 of 2nd period - Slapshot by Dysin Mayo.
5:02 of 2nd period - Stopped by Connor Ingram with a rebound.
5:22 of 2nd period - William Borgen is hit by Dysin Mayo and loses puck.
5:49 of 2nd period - Gabriel Carlsson is hit by Nick Cousins and loses puck.
6:45 of 2nd period - Penalty to Tyson Foerster is over, Tyson Foerster is back on ice.
6:52 of 2nd period - Tyson Foerster is hit by Nikita Alexandrov and loses puck.
6:59 of 2nd period - Snap shot by Ben McCartney.
6:59 of 2nd period - Stopped by Adam Huska with a rebound.
7:01 of 2nd period - Slapshot by Brad Hunt.
7:01 of 2nd period - Stopped by Adam Huska with a rebound.
7:03 of 2nd period - Snap shot by Tyson Foerster.
7:03 of 2nd period - Goal by Tyson Foerster - Edmonton Oil Kings : 0 - Philadelphia Phantoms : 4.
7:03 of 2nd period - Karel Vejmelka enters game.
7:04 of 2nd period - Ryan McLeod wins face-off versus Nick Cousins in neutral zone.
7:19 of 2nd period - Snap shot by Filip Zadina.
7:19 of 2nd period - Goal by Filip Zadina - Edmonton Oil Kings : 1 - Philadelphia Phantoms : 4.
7:20 of 2nd period - Blake Lizotte wins face-off versus Ryan McLeod in neutral zone.
7:29 of 2nd period - Slapshot by Ryan McLeod.
7:29 of 2nd period - Stopped by Connor Ingram with a rebound.
7:31 of 2nd period - Slapshot by Jack Johnson.
7:31 of 2nd period - Stopped by Connor Ingram without a rebound.
7:32 of 2nd period - Ryan McLeod wins face-off versus Otto Koivula in Philadelphia Phantoms zone.
7:39 of 2nd period - Jack Johnson is hit by Blake Lizotte and loses puck.
7:54 of 2nd period - Minor Penalty to Filip Zadina for Roughing.
7:55 of 2nd period - Blake Lizotte wins face-off versus Ryan McLeod in Edmonton Oil Kings zone.
8:10 of 2nd period - Wrist shot by Blake Lizotte.
8:10 of 2nd period - Goal by Blake Lizotte - Edmonton Oil Kings : 1 - Philadelphia Phantoms : 5.
8:11 of 2nd period - Blake Lizotte wins face-off versus Dylan Holloway in neutral zone.
8:26 of 2nd period - Wrist shot by Dillon Dube.
8:26 of 2nd period - Shot Misses the Net.
8:47 of 2nd period - Slapshot by Erik Gustafsson.
8:47 of 2nd period - Stopped by Karel Vejmelka with a rebound.
9:22 of 2nd period - Snap shot by Brad Hunt.
9:22 of 2nd period - Stopped by Karel Vejmelka with a rebound.
9:24 of 2nd period - Wrist shot by Brad Hunt.
9:24 of 2nd period - Stopped by Karel Vejmelka with a rebound.
9:26 of 2nd period - Slapshot by Alex Steeves.
9:26 of 2nd period - Stopped by Karel Vejmelka without a rebound.
9:27 of 2nd period - Adam Ruzicka wins face-off versus Ryan McLeod in Edmonton Oil Kings zone.
10:21 of 2nd period - Wrist shot by Filip Zadina.
10:21 of 2nd period - Stopped by Connor Ingram with a rebound.
10:29 of 2nd period - Wrist shot by Ben McCartney.
10:29 of 2nd period - Shot Misses the Net.
10:31 of 2nd period - Snap shot by Casey Fitzgerald.
10:31 of 2nd period - Stopped by Karel Vejmelka without a rebound.
10:32 of 2nd period - Dylan Holloway wins face-off versus Alexander Holtz in Edmonton Oil Kings zone.
10:45 of 2nd period - Snap shot by Dillon Dube.
10:45 of 2nd period - Goal by Dillon Dube - Edmonton Oil Kings : 2 - Philadelphia Phantoms : 5.
10:46 of 2nd period - Blake Lizotte wins face-off versus Dylan Holloway in neutral zone.
11:56 of 2nd period - Slapshot by Otto Koivula.
11:56 of 2nd period - Stopped by Karel Vejmelka with a rebound.
11:58 of 2nd period - Snap shot by Casey Fitzgerald.
11:58 of 2nd period - Deflect By Jack Johnson.
11:58 of 2nd period - Stopped by Karel Vejmelka without a rebound.
11:59 of 2nd period - Jaret Anderson-Dolan wins face-off versus Julien Gauthier in Edmonton Oil Kings zone.
12:02 of 2nd period - Slapshot by Erik Gustafsson.
12:02 of 2nd period - Shot Hit the Post.
12:52 of 2nd period - Wrist shot by Filip Zadina.
12:52 of 2nd period - Stopped by Connor Ingram with a rebound.
13:08 of 2nd period - Alexander Holtz is hit by Filip Zadina and loses puck.
13:37 of 2nd period - Snap shot by Filip Zadina.
13:37 of 2nd period - Shot Misses the Net.
13:39 of 2nd period - Wrist shot by Dawson Mercer.
13:39 of 2nd period - Stopped by Connor Ingram with a rebound.
13:41 of 2nd period - Snap shot by Gabriel Carlsson.
13:41 of 2nd period - Stopped by Connor Ingram without a rebound.
13:42 of 2nd period - Blake Lizotte wins face-off versus Dylan Holloway in Philadelphia Phantoms zone.
14:07 of 2nd period - Jack Johnson is hit by Brett Murray and loses puck.
14:28 of 2nd period - Snap shot by Connor McMichael.
14:28 of 2nd period - Deflect By Julien Gauthier.
14:28 of 2nd period - Stopped by Connor Ingram with a rebound.
14:32 of 2nd period - Snap shot by Julien Gauthier.
14:32 of 2nd period - Shot Blocked by Blake Lizotte.
14:34 of 2nd period - Slapshot by Josh Mahura.
14:34 of 2nd period - Deflect By Erik Gustafsson.
14:34 of 2nd period - Goal by Josh Mahura - Edmonton Oil Kings : 3 - Philadelphia Phantoms : 5.
14:35 of 2nd period - Blake Lizotte wins face-off versus Dillon Dube in neutral zone.
14:48 of 2nd period - Snap shot by Blake Lizotte.
14:48 of 2nd period - Goal by Blake Lizotte - Edmonton Oil Kings : 3 - Philadelphia Phantoms : 6.
14:49 of 2nd period - Blake Lizotte wins face-off versus Dylan Holloway in neutral zone.
15:24 of 2nd period - Wrist shot by Nathan Bastian.
15:24 of 2nd period - Shot Misses the Net.
15:30 of 2nd period - Snap shot by Nick Cousins.
15:30 of 2nd period - Stopped by Karel Vejmelka without a rebound.
15:31 of 2nd period - Jaret Anderson-Dolan wins face-off versus Ryan McLeod in Edmonton Oil Kings zone.
16:23 of 2nd period - Wrist shot by Blake Lizotte.
16:23 of 2nd period - Stopped by Karel Vejmelka without a rebound.
16:24 of 2nd period - Jaret Anderson-Dolan wins face-off versus Ryan McLeod in Edmonton Oil Kings zone.
16:59 of 2nd period - Brad Hunt is hit by Dillon Dube and loses puck.
17:19 of 2nd period - Casey Fitzgerald is hit by Gabriel Carlsson and loses puck.
17:28 of 2nd period - Joey Anderson is hit by Brett Murray and loses puck.
17:37 of 2nd period - Slapshot by Brett Kulak.
17:37 of 2nd period - Shot Blocked by Brett Murray.
17:49 of 2nd period - Snap shot by Tyler Angle.
17:49 of 2nd period - Stopped by Connor Ingram with a rebound.
17:51 of 2nd period - Backhand shot by Joey Anderson.
17:51 of 2nd period - Shot Misses the Net.
17:53 of 2nd period - Snap shot by Tyler Angle.
17:53 of 2nd period - Shot Blocked by Brett Murray.
17:55 of 2nd period - Snap shot by Tyler Angle.
17:55 of 2nd period - Shot Misses the Net.
17:57 of 2nd period - Backhand shot by Tyler Angle.
17:57 of 2nd period - Stopped by Connor Ingram with a rebound.
17:59 of 2nd period - Snap shot by Joey Anderson.
17:59 of 2nd period - Stopped by Connor Ingram with a rebound.
18:01 of 2nd period - Wrist shot by Morgan Barron.
18:01 of 2nd period - Shot Misses the Net.
18:03 of 2nd period - Snap shot by Gabriel Carlsson.
18:03 of 2nd period - Shot Blocked by Casey Fitzgerald.
18:15 of 2nd period - Snap shot by Morgan Barron.
18:15 of 2nd period - Deflect By Joey Anderson.
18:15 of 2nd period - Shot Blocked by Casey Fitzgerald.
18:15 of 2nd period - Puck is out of play.
18:16 of 2nd period - Ryan McLeod wins face-off versus Blake Lizotte in Philadelphia Phantoms zone.
18:27 of 2nd period - Snap shot by Dawson Mercer.
18:27 of 2nd period - Shot Misses the Net.
18:41 of 2nd period - William Borgen is hit by Dysin Mayo and loses puck.
18:47 of 2nd period - Icing by Nick Cousins.
18:48 of 2nd period - Blake Lizotte wins face-off versus Nikita Alexandrov in Philadelphia Phantoms zone.
18:54 of 2nd period - Snap shot by Julien Gauthier.
18:54 of 2nd period - Stopped by Connor Ingram with a rebound.
18:56 of 2nd period - Snap shot by Julien Gauthier.
18:56 of 2nd period - Shot Blocked by Noah Juulsen.
18:58 of 2nd period - Snap shot by Julien Gauthier.
18:58 of 2nd period - Shot Blocked by Noah Juulsen.
19:00 of 2nd period - Snap shot by Josh Mahura.
19:00 of 2nd period - Shot Misses the Net.
19:02 of 2nd period - Wrist shot by Connor McMichael.
19:02 of 2nd period - Stopped by Connor Ingram with a rebound.
19:04 of 2nd period - Slapshot by Josh Mahura.
19:04 of 2nd period - Shot Blocked by William Borgen.
19:06 of 2nd period - Snap shot by Nikita Alexandrov.
19:06 of 2nd period - Shot Misses the Net.
19:12 of 2nd period - Wrist shot by Julien Gauthier.
19:12 of 2nd period - Stopped by Connor Ingram with a rebound.
19:55 of 2nd period - Wrist shot by Connor McMichael.
19:55 of 2nd period - Stopped by Connor Ingram with a rebound.
19:57 of 2nd period - Slapshot by Libor Hajek.
19:57 of 2nd period - Stopped by Connor Ingram with a rebound.
19:59 of 2nd period - Snap shot by Connor McMichael.
19:59 of 2nd period - Deflect By Nikita Alexandrov.
19:59 of 2nd period - Stopped by Connor Ingram without a rebound.
Goals for this period are 3 for Edmonton Oil Kings vs 4 for Philadelphia Phantoms.
Shots for this period are 25 for Edmonton Oil Kings vs 19 for Philadelphia Phantoms.
3rd period
0:01 of 3rd period - Ryan McLeod wins face-off versus Otto Koivula in neutral zone.
0:05 of 3rd period - Minor Penalty to Blake Lizotte for Hooking.
0:06 of 3rd period - Dawson Mercer wins face-off versus Nick Cousins in Philadelphia Phantoms zone.
0:10 of 3rd period - Wrist shot by Dillon Dube.
0:10 of 3rd period - Deflect By Dawson Mercer.
0:10 of 3rd period - Stopped by Connor Ingram with a rebound.
0:12 of 3rd period - Slapshot by Dysin Mayo.
0:12 of 3rd period - Stopped by Connor Ingram with a rebound.
0:14 of 3rd period - Snap shot by Noah Gregor.
0:14 of 3rd period - Deflect By Dawson Mercer.
0:14 of 3rd period - Stopped by Connor Ingram with a rebound.
1:56 of 3rd period - Dawson Mercer is hit by Casey Fitzgerald and loses puck.
2:05 of 3rd period - Penalty to Blake Lizotte is over, Blake Lizotte is back on ice.
4:32 of 3rd period - Noah Juulsen is hit by Connor McMichael and loses puck.
5:54 of 3rd period - Joey Anderson is hit by Brett Murray and loses puck.
6:19 of 3rd period - Icing by Otto Koivula.
6:20 of 3rd period - Dylan Holloway wins face-off versus Otto Koivula in Philadelphia Phantoms zone.
6:56 of 3rd period - Slapshot by Noah Gregor.
6:56 of 3rd period - Stopped by Connor Ingram without a rebound.
6:57 of 3rd period - Tyson Foerster wins face-off versus Noah Gregor in Philadelphia Phantoms zone.
7:27 of 3rd period - Wrist shot by Filip Zadina.
7:27 of 3rd period - Stopped by Connor Ingram without a rebound.
7:28 of 3rd period - Otto Koivula wins face-off versus Ryan McLeod in Philadelphia Phantoms zone.
7:51 of 3rd period - Snap shot by Filip Zadina.
7:51 of 3rd period - Stopped by Connor Ingram with a rebound.
7:53 of 3rd period - Slapshot by Dawson Mercer.
7:53 of 3rd period - Shot Misses the Net.
7:59 of 3rd period - Snap shot by Filip Zadina.
7:59 of 3rd period - Deflect By Dawson Mercer.
7:59 of 3rd period - Shot Blocked by Casey Fitzgerald.
7:59 of 3rd period - Puck is out of play.
8:00 of 3rd period - Jaret Anderson-Dolan wins face-off versus Dylan Holloway in Philadelphia Phantoms zone.
8:00 of 3rd period - Jaret Anderson-Dolan beats up Dylan Holloway.
8:00 of 3rd period - Penalty to Jaret Anderson-Dolan for Fighting.
8:00 of 3rd period - Penalty to Dylan Holloway for Fighting.
8:01 of 3rd period - Ryan McLeod wins face-off versus Nick Cousins in Philadelphia Phantoms zone.
8:16 of 3rd period - Slapshot by Casey Fitzgerald.
8:16 of 3rd period - Shot Blocked by Gabriel Carlsson.
8:28 of 3rd period - Brett Kulak is hit by Alexander Holtz and loses puck.
8:47 of 3rd period - Wrist shot by Tyler Angle.
8:47 of 3rd period - Shot Misses the Net.
8:49 of 3rd period - Snap shot by Tyler Angle.
8:49 of 3rd period - Shot Hit the Post.
9:26 of 3rd period - Snap shot by Adam Ruzicka.
9:26 of 3rd period - Stopped by Karel Vejmelka without a rebound.
9:27 of 3rd period - Mason Shaw wins face-off versus Noah Gregor in Edmonton Oil Kings zone.
9:28 of 3rd period - Slapshot by Alexander Holtz.
9:28 of 3rd period - Shot Misses the Net.
9:30 of 3rd period - Wrist shot by Casey Fitzgerald.
9:30 of 3rd period - Stopped by Karel Vejmelka without a rebound.
9:31 of 3rd period - Blake Lizotte wins face-off versus Nikita Alexandrov in Edmonton Oil Kings zone.
9:52 of 3rd period - Minor Penalty to Casey Fitzgerald for Hooking.
9:53 of 3rd period - Nick Cousins wins face-off versus Noah Gregor in Philadelphia Phantoms zone.
10:25 of 3rd period - Wrist shot by Ryan McLeod.
10:25 of 3rd period - Stopped by Connor Ingram with a rebound.
10:43 of 3rd period - Brett Murray is hit by Brett Kulak and loses puck.
10:54 of 3rd period - Josh Mahura is hit by Nathan Bastian and loses puck.
11:52 of 3rd period - Penalty to Casey Fitzgerald is over, Casey Fitzgerald is back on ice.
11:58 of 3rd period - Tyler Angle is hit by Mason Shaw and loses puck.
12:03 of 3rd period - Wrist shot by Alexander Holtz.
12:03 of 3rd period - Stopped by Karel Vejmelka without a rebound.
12:04 of 3rd period - Adam Ruzicka wins face-off versus Nikita Alexandrov in Edmonton Oil Kings zone.
13:05 of 3rd period - Icing by Noah Juulsen.
13:06 of 3rd period - Tyson Foerster wins face-off versus Ryan McLeod in Philadelphia Phantoms zone.
13:06 of 3rd period - Tyson Foerster is hit by Ryan McLeod.
13:29 of 3rd period - Icing by Filip Zadina.
13:30 of 3rd period - Blake Lizotte wins face-off versus Dylan Holloway in Edmonton Oil Kings zone.
13:35 of 3rd period - Snap shot by Blake Lizotte.
13:35 of 3rd period - Shot Misses the Net.
13:41 of 3rd period - Nathan Bastian is hit by Noah Gregor and loses puck.
14:02 of 3rd period - Snap shot by Jaret Anderson-Dolan.
14:02 of 3rd period - Shot Hit the Post.
14:04 of 3rd period - Slapshot by Alexander Holtz.
14:04 of 3rd period - Stopped by Karel Vejmelka without a rebound.
14:05 of 3rd period - Alexander Holtz wins face-off versus Ryan McLeod in Edmonton Oil Kings zone.
14:06 of 3rd period - Wrist shot by Jaret Anderson-Dolan.
14:06 of 3rd period - Stopped by Karel Vejmelka without a rebound.
14:07 of 3rd period - Jaret Anderson-Dolan wins face-off versus Ryan McLeod in Edmonton Oil Kings zone.
14:44 of 3rd period - Snap shot by Nick Cousins.
14:44 of 3rd period - Stopped by Karel Vejmelka with a rebound.
14:54 of 3rd period - Filip Zadina is hit by Brett Murray and loses puck.
15:12 of 3rd period - Icing by Filip Zadina.
15:13 of 3rd period - Ryan McLeod wins face-off versus Jaret Anderson-Dolan in Edmonton Oil Kings zone.
15:26 of 3rd period - Slapshot by Jaret Anderson-Dolan.
15:26 of 3rd period - Shot Blocked by Dysin Mayo.
15:35 of 3rd period - Icing by Jack Johnson.
15:36 of 3rd period - Otto Koivula wins face-off versus Dylan Holloway in Edmonton Oil Kings zone.
15:41 of 3rd period - Wrist shot by Otto Koivula.
15:41 of 3rd period - Stopped by Karel Vejmelka with a rebound.
15:43 of 3rd period - Slapshot by Jacob Larsson.
15:43 of 3rd period - Shot Misses the Net.
15:45 of 3rd period - Wrist shot by Blake Lizotte.
15:45 of 3rd period - Shot Blocked by Dysin Mayo.
15:47 of 3rd period - Snap shot by Ben McCartney.
15:47 of 3rd period - Shot Blocked by Dysin Mayo.
15:49 of 3rd period - Wrist shot by Otto Koivula.
15:49 of 3rd period - Stopped by Karel Vejmelka without a rebound.
15:50 of 3rd period - Blake Lizotte wins face-off versus Tyler Angle in Edmonton Oil Kings zone.
16:16 of 3rd period - Adam Ruzicka is hit by Connor McMichael and loses puck.
16:46 of 3rd period - Minor Penalty to Adam Ruzicka for Holding.
16:47 of 3rd period - Dawson Mercer wins face-off versus Blake Lizotte in Philadelphia Phantoms zone.
18:08 of 3rd period - Ryan McLeod is hit by Jaret Anderson-Dolan and loses puck.
18:46 of 3rd period - Penalty to Adam Ruzicka is over, Adam Ruzicka is back on ice.
19:00 of 3rd period - Brad Hunt is hit by Josh Mahura.
19:19 of 3rd period - Icing by Jacob Larsson.
19:20 of 3rd period - Nikita Alexandrov wins face-off versus Jaret Anderson-Dolan in Philadelphia Phantoms zone.
19:25 of 3rd period - Snap shot by Joey Anderson.
19:25 of 3rd period - Stopped by Connor Ingram without a rebound.
19:26 of 3rd period - Otto Koivula wins face-off versus Tyler Angle in Philadelphia Phantoms zone.
19:41 of 3rd period - Erik Gustafsson is hit by Morgan Barron and loses puck.
19:52 of 3rd period - Dylan Holloway is hit by Erik Gustafsson and loses puck.
Goals for this period are 0 for Edmonton Oil Kings vs 0 for Philadelphia Phantoms.
Shots for this period are 8 for Edmonton Oil Kings vs 8 for Philadelphia Phantoms.
Back to the Top